 Dungeon Crawl Stone Soup version 0.19-a0-1051-gdb7e7f8 (webtiles) character file.

122 Jmtri7 the Changer (level 5, 0/33 HPs)
             Began as an Octopode Transmuter on Aug 2, 2016.
             Slain by an adder (5 damage)
             ... on level 3 of the Dungeon.
             The game lasted 00:04:57 (2204 turns).

Jmtri7 the Changer (Octopode Transmuter)            Turns: 2204, Time: 00:04:59

Health: 0/33       AC:  1    Str: 10    XL:     5   Next: 6%
Magic:  17/17      EV: 13    Int: 15    God:
Gold:   136        SH:  0    Dex: 13    Spells: 1 memorised, 7 levels left

rFire  . . .     SeeInvis .       - Unarmed
rCold  . . .     Gourm    .     (no shield)
rNeg   . . .     Faith    .     (helmet restricted)
rPois  .         Spirit   .     (no amulet)
rElec  .         Dismiss  .     i - ring of magical power
rCorr  +         Reflect  .     s - ring of resist corrosion
SustAt .         Harm     .     u - ring of stealth
MR     .....                    (no ring)
Stlth  +++.......               (no ring)
                                (no ring)
                                (no ring)
                                (no ring)

@: appendage (expiring), not resistant to hostile enchantments, fairly stealthy
A: almost no armour, amphibious, 8 rings, constrict 8, tentacle spike 3,
camouflage 1, gelatinous body 1
a: End Transformation


You were on level 3 of the Dungeon.
You were not hungry.
One of your tentacles had a temporary spike.
You visited 1 branch of the dungeon, and saw 3 of its levels.

You collected 136 gold pieces.

Inventory:

Missiles
 a - 47 arrows
Jewellery
 i - a ring of magical power (left tentacle)
 s - a ring of resist corrosion (right tentacle)
 u - a ring of stealth (on tentacle)
Scrolls
 d - a scroll of recharging {unknown}
 e - a scroll of fear {unknown}
 p - a scroll of teleportation {unknown}
 q - 2 scrolls of identify {unknown}
 t - a scroll of enchant armour {unknown}
Potions
 g - a potion of agility {unknown}
 h - 2 potions of curing {unknown}
 j - a potion of haste {unknown}
 k - a potion of mutation {unknown}
 m - 4 potions of flight {unknown}
 o - a potion of magic {unknown}
 r - a potion of resistance {unknown}
 v - a potion of might {unknown}
Books
 b - a book of Changes

   Spells                             Type                      Level
   a - Beastly Appendage              Transmutation                1
   b - Sticks to Snakes               Transmutation                2
   c - Spider Form                    Transmutation/Poison         3
   d - Ice Form                       Ice/Transmutation            4
   e - Blade Hands                    Transmutation                5
Comestibles
 c - a bread ration
 f - 5 chunks of flesh
 l - a meat ration
 n - 3 fruits


   Skills:
 - Level 1.0 Fighting
 - Level 2.0 Dodging
 - Level 3.0 Unarmed Combat
 - Level 2.0 Spellcasting
 + Level 5.1 Transmutations


You had 7 spell levels left.
You knew the following spells:

 Your Spells              Type           Power        Failure   Level  Hunger
a - Beastly Appendage     Tmut           ###...       2%          1    #......


Dungeon Overview and Level Annotations

Branches:
Dungeon (3/15)

Altars:
Dithmenos
Makhleb
Okawaru


Innate Abilities, Weirdness & Mutations

You cannot wear most types of armour.
You are amphibious.
You can wear up to eight rings at the same time.
You can use your tentacles to constrict eight enemies at once.
Your skin changes colour to match your surroundings (Stealth+).
Your rubbery body absorbs attacks. (AC +1, EV +1)
One of your tentacles bears a large vicious spike.


Message History

You barely miss the adder.
You pierce the adder.
Your squeeze misses the adder.
The adder is almost dead.
You constrict the adder.
You kill the adder!
Your Transmutations skill increases to level 5!
You have reached level 5!
You feel agile. The jackal barely misses you. The adder barely misses you.
You miss the adder. Your grab misses the adder.
Your tentacle spike misses the adder.
The jackal closely misses you. The adder closely misses you.
You closely miss the adder. Your grab misses the adder.
The jackal barely misses you. The adder closely misses you.
You tentacle-slap the adder. You grab the adder.
You pierce the adder.
Your squeeze misses the adder.
The adder is severely wounded.
You constrict the adder. The jackal bites you.
* * * LOW HITPOINT WARNING * * *
The adder bites you.
You die...

#.##.# #..##
##.....##...#
#.##.# #.##
#8...8##.###
#.##.# #.# #.#
..<..# #.# #.#
.....######.##
#.#
.............#
#.###
##.####(#..#
#.... #.#..#
#####
####.#.@######.
.......h)S......
.####$#..###....
....... ##
###.##.## #. #.#
. ... .. #.# ..
...


You could see an adder and a jackal.

Vanquished Creatures
  An orc priest (D:3)
  4 adders
  A dart slug (D:1)
  2 giant geckos
  2 orcs (D:3)
  A giant cockroach (D:1)
  7 goblins
  7 hobgoblins
  4 jackals (D:2)
  3 quokkas
  3 ball pythons
  5 bats
  2 giant newts
  4 kobolds
  4 rats
50 creatures vanquished.

Notes
Turn   | Place    | Note
-------+----------+-------------------------------------------
     0 | D:1      | Jmtri7 the Octopode Transmuter began the quest for the Orb.
     0 | D:1      | Reached XP level 1. HP: 13/13 MP: 3/3
   320 | D:1      | Reached XP level 2. HP: 17/18 MP: 5/5
   422 | D:1      | Reached skill level 3 in Transmutations
   698 | D:1      | Reached XP level 3. HP: 23/23 MP: 6/6
  1299 | D:2      | Reached skill level 4 in Transmutations
  1520 | D:2      | Reached XP level 4. HP: 19/28 MP: 7/7
  2105 | D:3      | Found a burning altar of Makhleb.
  2105 | D:3      | Found an iron altar of Okawaru.
  2113 | D:3      | Found a shadowy altar of Dithmenos.
  2201 | D:3      | Reached skill level 5 in Transmutations
  2201 | D:3      | Reached XP level 5. HP: 5/33 MP: 8/8
  2204 | D:3      | Slain by an adder

Vault maps used:
D:1:      dpeg_arrival_line_fractal, minmay_tromino_v2
D:3:      wad_river_or_something, regret_index_temple_of_mockery,
          nicolae_overflow_hidden_temple

Skill      XL: |  1  2  3  4 |
---------------+-------------+-----
Transmutations | 3 4 5 |  5.1
Fighting       | |  1.0
Dodging        | |  2.0
Unarmed Combat | |  3.0
Spellcasting   | |  2.0

Action                   |  1- 3 |  4- 6 || total
-------------------------+-------+-------++-------
Melee: Unarmed           |    82 |    36 ||   118
       Constrict         |    27 |    12 ||    39
       Tentacles         |     8 |     7 ||    15
       Kick              |     2 |     3 ||     5
 Cast: Beastly Appendage |     1 |     1 ||     2
 Stab: Sleeping          |     5 |     3 ||     8
  Eat: Chunk             |     2 |     2 ||     4
Armor: Skin              |     6 |     2 ||     8
Dodge: Dodged            |    59 |    45 ||   104
